 Dungeon Crawl Stone Soup version 0.21-a0-582-g1b93aee (webtiles) character file.

15058 4thArraOfDagon the Severer (level 11, -3/94 HPs)
             Began as a Deep Dwarf Enchanter on Dec 19, 2017.
             Was a Priest of Makhleb.
             Killed from afar by a gargoyle (11 damage)
             ... with a stone arrow
             ... on level 14 of the Dungeon.
             The game lasted 00:31:15 (5398 turns).

4thArraOfDagon the Severer (Deep Dwarf Enchanter)   Turns: 5398, Time: 00:31:16

Health: -3/94      AC: 18    Str: 12    XL:     11   Next: 96%
Magic:  16/16      EV:  5    Int: 24    God:    Makhleb [***...]
Gold:   627        SH:  3    Dex: 13    Spells: 7/16 levels left

rFire    + . .     SeeInvis .   P - +2 battleaxe (freeze)
rCold    + + +     Gourm    .   (shield currently unavailable)
rNeg     . . .     Faith    .   V - +1 chain mail {rC+}
rPois    +         Spirit   .   Y - +3 hat of Pondering {ponderous, MR+ MP+10 Int+5}
rElec    +         Reflect  +   I - +0 cloak
rCorr    +         Harm     .   X - +1 pair of gloves
MR       ++...                  (no boots)
Stlth    ..........             u - +3 amulet of reflection
HPRegen  0.00/turn              t - ring of protection from cold
MPRegen  0.15/turn              y - +3 ring of protection

@: resistant, berserk cooldown, non-regenerating, slowed, very slow
A: damage resistance, heal wounds, sense surroundings 2, no regeneration
a: Heal Wounds, Minor Destruction, Lesser Servant of Makhleb, Renounce Religion


You were on level 14 of the Dungeon.
You worshipped Makhleb.
Makhleb was most pleased with you.
You were not hungry.

You visited 1 branch of the dungeon, and saw 14 of its levels.

You collected 627 gold pieces.

Inventory:

Hand Weapons
 J - a +1 battleaxe
 P - a +2 battleaxe of freezing (weapon)
Missiles
 M - 2 throwing nets (quivered)
Armour
 I - a +0 cloak (worn)
 V - a +1 chain mail of cold resistance (worn)
 X - a +1 pair of gloves (worn)
 Y - the +3 hat of Pondering (worn) {ponderous, MR+ MP+10 Int+5}
   (You found it on level 11 of the Dungeon)

   It affects your intelligence (+5).
   It affects your resistance to hostile enchantments.
   It affects your magic capacity (+10).
Magical Staves
 a - an uncursed staff of wizardry {!a}
 e - an uncursed staff of fire
Jewellery
 t - a ring of protection from cold (left hand)
 u - a +3 amulet of reflection (around neck)
 x - an uncursed ring of wizardry
 y - a +3 ring of protection (right hand)
 B - a -3 ring of intelligence
 K - an uncursed amulet of regeneration
 O - an uncursed ring of ice
 T - an uncursed ring of ice
 Z - a -2 ring of evasion
Wands
 G - a wand of disintegration (10)
 H - a wand of polymorph (22)
 L - a wand of enslavement (8)
 N - a wand of scattershot (3)
 W - a wand of digging (22)
Scrolls
 b - a scroll of immolation {unknown}
 f - 2 scrolls of amnesia {unknown}
 h - a scroll of torment {unknown}
 j - 5 scrolls of remove curse
 k - 2 scrolls of fear {unknown}
 l - 3 scrolls of blinking {unknown}
 p - 5 scrolls of teleportation {unknown}
 r - 2 scrolls of enchant weapon {unknown}
 s - 2 scrolls of enchant armour {unknown}
 A - 4 scrolls of random uselessness {unknown}
 E - a scroll of fog
Potions
 c - a potion of might {unknown}
 m - 4 potions of curing
 n - a potion of cancellation
 o - 3 potions of flight
 w - 2 potions of lignification
 z - 3 potions of agility
 F - a potion of resistance
 Q - a potion of invisibility
 R - a potion of haste
Books
 g - a book of Transfigurations

   Spells                             Type                      Level
   a - Irradiate                      Conjuration/Transmutation    5
   b - Statue Form                    Transmutation/Earth          6
   c - Hydra Form                     Transmutation                6
   d - Dragon Form                    Transmutation                7
Miscellaneous
 U - a phial of floods
Comestibles
 d - 10 rations


   Skills:
 - Level 5.0 Fighting
   Level 0.8 Short Blades
 * Level 16.6 Axes
 - Level 2.1 Dodging
 - Level 3.6 Stealth
 + Level 3.2 Spellcasting
 - Level 2.4 Hexes
 * Level 3.8 Transmutations
 * Level 5.8 Earth Magic
 - Level 7.2 Invocations


You had 7 spell levels left.
You knew the following spells:

 Your Spells              Type           Power        Failure   Level  Hunger
a - Corona                Hex            ###....      89%         1    None
b - Ensorcelled Hibernat  Hex/Ice        #.....       99%         2    ##.....
c - Statue Form           Tmut/Erth      ####.....    100%        6    #######


Dungeon Overview and Level Annotations

Branches:
Dungeon (14/15)              Lair (0/6) D:10            Orc (0/2) D:12
 Temple: D:4-7       Vaults: D:13-14

Altars:
Cheibriados
Dithmenos
Elyvilon
Fedhas
Kikubaaqudgha
Makhleb
Nemelex Xobeh
Okawaru
Qazlal
Sif Muna
Trog
Uskayaw
Vehumet
Xom
Zin

Shops:
D:6 [

Annotations:
D:6 arkorax's ghost, novice NaWn
D:9 Gorglomux's ghost, novice FoSu
D:11 exclusion: oklob sapling


Innate Abilities, Weirdness & Mutations

You are resistant to damage.
You can heal yourself by infusing magical energy.
You passively map the area around you.
You do not regenerate.


Message History

Your orange demon barely misses the gargoyle.
The gargoyle hits your orange demon with a mace!
Your hellwing hits the gargoyle.
Your hellwing hits the gargoyle but does no damage.
Your orange demon barely misses the gargoyle.
Your orange demon hits the gargoyle but does no damage.
The gargoyle hits your orange demon with a mace!
Your orange demon dies!
Your hellwing hits the gargoyle but does no damage.
Your hellwing closely misses the gargoyle.
Unknown command.
Your hellwing hits the gargoyle but does no damage.
Your hellwing closely misses the gargoyle.
The gargoyle hurls a stone arrow at you.
The stone arrow hits you!
* * * LOW HITPOINT WARNING * * *
Your hellwing hits the gargoyle but does no damage. x2
The gargoyle hurls a stone arrow at you.
The stone arrow hits you!
You die...

**,,,,,,,,,,,* *......**,,,,,,
,**,,,,,,,,,,* ###*......**,,,,,,
,,*,,,,,,,,,,* #..+......,+,,,,,,
,,*,,,,***+*** #.##.....,**,,,,,,
,**,,,,* *,* #........,,,,,,,,,
,*,,,,,* *,* #....####.*,*,*>,,
,,,,,,,* *,* #.........*,*,*,*,
,,,,,*** *,* #.<..#.#.,*,***,*,
,*,,,***##+#####@.....#,,*,***,*,
,**,,**,....?....######***,,,,,*,
,,*,,**,......††9+,,,,,,,,******,
,,*,,**,........4#*******,,,,,,,,
,**,,**,.......>.#***************
,*,,,**,.........+,,,,,,,,,,,,,,,
,,,,,**,.........#***************
,,,,,**,.........#
,*,,,**,.......[.#*


You could see a gargoyle and a friendly hellwing.

Vanquished Creatures
  3 two-headed ogres (D:11)
  2 unseen horrors (D:11)
  5 ugly things
  A centaur zombie (D:12)
  Maurice (D:8)
  A tengu conjurer (D:12)
  A merfolk (D:9)
  2 trolls
  3 slime creatures (D:12)
  A hippogriff (D:12)
  A hungry ghost (D:7)
  5 vampire mosquitoes (D:12)
  A water moccasin (D:11)
  2 orc warriors
  5 ice beasts
  2 sky beasts
  An ogre (D:10)
  A phantom (D:4)
  A boggart (D:11)
  10 centaurs
  A crocodile (D:9)
  A wyvern zombie (D:13)
  8 bullfrogs
  A scorpion (D:4)
  A killer bee (D:9)
  6 wights (D:8)
  A howler monkey (D:4)
  4 crimson imps
  5 hounds
  An orc priest (D:12)
  2 orc wizards
  A centaur skeleton (D:5)
  3 iguanas
  4 worker ants
  A hound skeleton (D:9)
  A howler monkey zombie (D:5)
  A worker ant zombie (D:5)
  3 gnolls (D:4)
  14 adders
  3 shadow imps
  2 adder skeletons (D:5)
  A dart slug (D:1)
  6 leopard geckos
  13 orcs
  2 giant cockroaches
  11 goblins
  9 hobgoblins
  6 jackals
  2 quokkas
  4 ball pythons
  7 bats
  7 frilled lizards
  A jackal skeleton (D:5)
  12 kobolds
  A leopard gecko skeleton (D:7)
  2 quokka skeletons
  A quokka zombie (D:4)
  4 rats
  2 plants (D:11)
204 creatures vanquished.

Vanquished Creatures (collateral kills)
  A frost giant (D:11)
  Fannar (D:10)
  Erica (D:11)
  A two-headed ogre (D:10)
  2 ugly things (D:14)
  A hornet (D:11)
  Grum (D:8)
  A vampire mosquito (D:12)
  An orc warrior (D:7)
  An ice beast (D:8)
  A boggart (D:11)
  An eye of draining (D:11)
  2 wolves (D:8)
  A howler monkey (D:7)
  A centaur zombie (D:7)
  A crimson imp (D:11)
  An orc wizard (D:8)
  A jelly (D:7)
  An iguana (D:10)
21 creatures vanquished.

Vanquished Creatures (others)
  A centaur (D:10)
1 creature vanquished.

Grand Total: 226 creatures vanquished

Notes
Turn   | Place    | Note
-------+----------+-------------------------------------------
     0 | D:1      | 4thArraOfDagon the Deep Dwarf Enchanter began the quest for the Orb.
     0 | D:1      | Reached XP level 1. HP: 15/15 MP: 3/3
   132 | D:2      | Reached skill level 1 in Fighting
   132 | D:2      | Reached XP level 2. HP: 12/25 MP: 2/4
   172 | D:2      | Learned a level 2 spell: Ensorcelled Hibernation
   320 | D:3      | Noticed a centaur
   347 | D:5      | Entered Level 5 of the Dungeon
   377 | D:6      | Reached XP level 3. HP: 24/33 MP: 2/5
   388 | D:6      | Found an iron altar of Okawaru.
   388 | D:6      | Found a radiant altar of Vehumet.
   394 | D:6      | Found a burning altar of Makhleb.
   395 | D:6      | Found a snail-covered altar of Cheibriados.
   396 | D:6      | Found a hide-covered altar of Uskayaw.
   402 | D:6      | Became a worshipper of Makhleb the Destroyer
   445 | D:5      | Reached XP level 4. HP: 14/43 MP: 6/6
   462 | D:6      | Found a stormy altar of Qazlal.
   579 | D:7      | Noticed an orc warrior
   602 | D:6      | Reached skill level 1 in Axes
   626 | D:6      | Found a shadowy altar of Dithmenos.
   638 | D:6      | Got a distressingly furry robe
   643 | D:6      | Noticed a bullfrog
   651 | D:6      | Killed a bullfrog
   651 | D:6      | Reached skill level 2 in Axes
   651 | D:6      | Reached XP level 5. HP: 21/50 MP: 6/6
   653 | D:6      | Identified the cursed +0 robe "Kaityota" {+Inv rPois Str-3} (You found it on level 6 of the Dungeon)
   658 | D:6      | Found Ijotio's Armour Emporium.
   689 | D:6      | Reached skill level 3 in Axes
   714 | D:7      | Noticed a centaur
   731 | D:7      | Killed a centaur
   731 | D:7      | Reached XP level 6. HP: 42/58 MP: 7/7
   732 | D:7      | Found a deep blue altar of Sif Muna.
   764 | D:7      | Reached skill level 4 in Axes
   777 | D:7      | Found a white marble altar of Elyvilon.
   777 | D:7      | Found a glowing silver altar of Zin.
   841 | D:6      | Noticed arkorax's ghost (novice NaWn)
   943 | D:6      | Reached skill level 5 in Axes
   953 | D:6      | Reached XP level 7. HP: 26/66 MP: 8/8
  1146 | D:6      | Reached skill level 5 in Fighting
  1401 | D:3      | Reached skill level 6 in Axes
  1471 | D:2      | Reached * piety under Makhleb
  2220 | D:3      | Reached ** piety under Makhleb
  2278 | D:4      | Reached skill level 7 in Axes
  2329 | D:4      | Reached skill level 1 in Invocations
  2464 | D:4      | Reached XP level 8. HP: 28/74 MP: 6/6
  2613 | D:5      | Found a blossoming altar of Fedhas.
  2614 | D:5      | Found an ancient bone altar of Kikubaaqudgha.
  2735 | D:5      | Reached skill level 8 in Axes
  2785 | D:5      | Found a bloodstained altar of Trog.
  3162 | D:8      | Found a sparkling altar of Nemelex Xobeh.
  3226 | D:8      | Reached skill level 9 in Axes
  3266 | D:8      | Noticed Maurice
  3307 | D:8      | Killed Maurice
  3307 | D:8      | Reached skill level 5 in Invocations
  3406 | D:8      | Reached *** piety under Makhleb
  3413 | D:8      | Gained mutation: You passively map the area around you. [Deep Dwarf growth]
  3413 | D:8      | Reached XP level 9. HP: 48/81 MP: 9/9
  3437 | D:8      | Reached skill level 10 in Axes
  3464 | D:8      | Noticed Grum
  3491 | D:8      | Killed Grum
  3710 | D:7      | Reached skill level 11 in Axes
  3905 | D:9      | Noticed a merfolk
  3923 | D:9      | Killed a merfolk
  3977 | D:9      | Reached skill level 12 in Axes
  4010 | D:9      | Noticed Gorglomux's ghost (novice FoSu)
  4077 | D:9      | Noticed a troll
  4087 | D:10     | Entered Level 10 of the Dungeon
  4087 | D:10     | Noticed a two-headed ogre
  4088 | D:10     | Noticed Fannar
  4104 | D:10     | Killed Fannar
  4104 | D:10     | Reached XP level 10. HP: 65/88 MP: 7/7
  4185 | D:10     | Got a crystal trident
  4201 | D:10     | Identified the +5 trident "Embalmer" {protect, *Rage +Rage rC+ Stlth+} (You found it on level 10 of the Dungeon)
  4206 | D:10     | Found a staircase to the Lair.
  4214 | D:10     | You fall through a shaft!
  4214 | D:11     | Noticed Erica
  4219 | D:11     | Killed Erica
  4219 | D:11     | Reached skill level 13 in Axes
  4358 | D:11     | Found a runed door.
  4381 | D:11     | Noticed a frost giant
  4381 | D:11     | Noticed a two-headed ogre
  4381 | D:11     | Noticed a two-headed ogre
  4382 | D:11     | Found the +3 hat of Pondering {ponderous, MR+ MP+10 Int+5}
  4405 | D:11     | Killed a two-headed ogre
  4405 | D:11     | Reached skill level 14 in Axes
  4407 | D:11     | Killed a two-headed ogre
  4409 | D:11     | Killed a frost giant
  4409 | D:11     | Reached skill level 15 in Axes
  4477 | D:11     | Killed an unseen horror
  4477 | D:11     | Reached XP level 11. HP: 68/94 MP: 6/6
  4605 | D:10     | Killed a two-headed ogre
  4680 | D:10     | Found a shimmering altar of Xom.
  4852 | D:11     | Noticed a two-headed ogre
  4861 | D:11     | Killed a two-headed ogre
  4884 | D:11     | Killed an unseen horror
  4884 | D:11     | Reached skill level 16 in Axes
  4911 | D:11     | Learned a level 6 spell: Statue Form
  5035 | D:12     | Reached skill level 1 in Earth Magic
  5053 | D:12     | Reached skill level 1 in Transmutations
  5089 | D:12     | Noticed a skeletal warrior
  5090 | D:12     | Noticed a skeletal warrior
  5090 | D:12     | Noticed a skeletal warrior
  5091 | D:12     | Noticed a skeletal warrior
  5154 | D:12     | Found a staircase to the Orcish Mines.
  5204 | D:12     | Noticed a white ugly thing
  5221 | D:12     | Killed a white ugly thing
  5302 | D:12     | Noticed a skeletal warrior
  5359 | D:14     | Noticed a cyan ugly thing
  5360 | D:14     | Noticed a cyan ugly thing
  5363 | D:14     | Noticed a cyan ugly thing
  5365 | D:14     | Noticed a cyan ugly thing
  5366 | D:14     | Noticed a cyan ugly thing
  5368 | D:14     | Noticed a cyan ugly thing
  5372 | D:14     | Killed a cyan ugly thing
  5375 | D:14     | Killed a cyan ugly thing
  5375 | D:14     | Reached skill level 5 in Earth Magic
  5381 | D:14     | Killed a cyan ugly thing
  5385 | D:14     | Killed a white ugly thing
  5386 | D:14     | Killed a white ugly thing
  5388 | D:14     | Killed a white ugly thing
  5388 | D:14     | Reached **** piety under Makhleb
  5398 | D:14     | Killed from afar by a gargoyle

Vault maps used:
D:1:      dpeg_arrival_snail, nrook_mini_backslash, hex_medium,
          minmay_crystal_water
D:2:      first_ration, minmay_misc_feat_nine_boxes
D:3:      chequers_ecumenical_altar_twisty
D:4:      dk_noncrumbling_4
D:5:      grunt_temple_overflow_growth_and_decay, lemuel_doored_altar,
          temple_statues
D:6:      grunt_qazlal_sundering, nicolae_overflow_crystal_walls,
          grunt_temple_overflow_open, serial_shops,
          nicolae_shop_temple_entry_statues_fountains, kennysheep_another_room,
          minmay_crystal_room
D:7:      good_gods_mini_temple, lemuel_crystal_altar
D:8:      basic_altar, uniq_grum, uniq_maurice
D:9:      grunt_temple_overflow_opulence, hangedman_fish_farm, uniq_erolcha
D:10:     lair_entry_dummy, xom_teletrap_fun, uniq_fannar
D:11:     corexii_corridor_pit, minmay_st_funbox, introduction_to_nature_2,
          uniq_erica
D:12:     orc_0_dummy, abandoned_shop
D:14:     david_vaults_4, enter_bailey_1, minivault_11,
          minmay_beelzebubs_servants

Skill      XL: |  1  2  3  4  5  6  7  8  9 10 11 |
---------------+----------------------------------+-----
Fighting       | 1 2 3 4 5 |  5.0
Axes           | 2 3 5 7 9 12 15 16 | 16.6
Invocations    | 2 5 7 |  7.2
Spellcasting   | 3 |  3.2
Earth Magic    | 5 |  5.8
Transmutations | 3 |  3.8
Short Blades   | |  0.8
Dodging        | |  2.1
Stealth        | |  3.6
Hexes          | |  2.4

Action                   |  1- 3 |  4- 6 |  7- 9 | 10-12 || total
-------------------------+-------+-------+-------+-------++-------
Melee: Dagger            |   115 |    13 |       |       ||   128
       War axe           |       |    53 |   310 |       ||   363
       Unarmed           |       |       |     1 |       ||     1
       Battleaxe         |       |       |   129 |   246 ||   375
Throw: Throwing net      |       |       |     1 |       ||     1
 Cast: Corona            |     3 |     1 |       |       ||     4
       Ensorcelled Hiber |     6 |     4 |       |       ||    10
Invok: Minor Destruction |       |       |    13 |     2 ||    15
       Lesser Servant of |       |       |     3 |    13 ||    16
 Abil: Heal Wounds       |     1 |     4 |    11 |     5 ||    21
Evoke: Wand              |     2 |     7 |       |     5 ||    14
  Use: Potion            |     3 |       |       |     2 ||     5
       Scroll            |     2 |     2 |     5 |     8 ||    17
 Stab: Sleeping          |     2 |     2 |     5 |       ||     9
       Paralysed         |     5 |    14 |       |       ||    19
       Held in net/web   |       |       |     1 |       ||     1
  Eat: Chunk             |       |     1 |     9 |     5 ||    15
       Ration            |       |       |     2 |       ||     2
Armor: Robe              |    13 |     6 |       |       ||    19
       Ring mail         |       |       |   183 |     6 ||   189
       Chain mail        |       |       |       |   202 ||   202
Dodge: Dodged            |   108 |    49 |   268 |    75 ||   500
Block: Other             |       |       |    31 |    30 ||    61
       Reflection        |       |       |     2 |     1 ||     3

Table legend:
 A = Spawn XP
 B = Non-spawn XP
 C = Spawn XP percentage of total XP
 D = Spawn monster count
 E = Non-spawn monster count
 F = Spawn count percentage of total count
 G = Total turns spent on level
                    A         B        C        D         E        F      G
               +---------+---------+-------+---------+---------+-------+---------
         Total |       0 |   21512 |   0.0 |       0 |     224 |   0.0 |  5398
               +---------+---------+-------+---------+---------+-------+---------
           D:1 |       0 |      35 |   0.0 |       0 |      18 |   0.0 |   399
           D:2 |       0 |      69 |   0.0 |       0 |      29 |   0.0 |   506
           D:3 |       0 |     151 |   0.0 |       0 |      16 |   0.0 |   300
           D:4 |       0 |     302 |   0.0 |       0 |       9 |   0.0 |   376
           D:5 |       0 |     436 |   0.0 |       0 |      15 |   0.0 |   551
           D:6 |       0 |     575 |   0.0 |       0 |      16 |   0.0 |   697
           D:7 |       0 |     765 |   0.0 |       0 |      17 |   0.0 |   463
           D:8 |       0 |    1606 |   0.0 |       0 |      23 |   0.0 |   478
           D:9 |       0 |     892 |   0.0 |       0 |       9 |   0.0 |   360
          D:10 |       0 |    1620 |   0.0 |       0 |       6 |   0.0 |   308
          D:11 |       0 |    7177 |   0.0 |       0 |      33 |   0.0 |   557
          D:12 |       0 |    4567 |   0.0 |       0 |      25 |   0.0 |   323
          D:13 |       0 |     226 |   0.0 |       0 |       2 |   0.0 |    37
          D:14 |       0 |    3091 |   0.0 |       0 |       6 |   0.0 |    43
               +---------+---------+-------+---------+---------+-------+---------
